 Dungeon Crawl Stone Soup version 0.28-a0-872-g80cf8599ee (webtiles) character file.

Game seed: 13252003193631129655

2242 greenreed the Destroyer (level 9, -14/65 HPs)
             Began as a Gnoll Conjurer on Nov 20, 2021.
             Was a Follower of Vehumet.
             Killed from afar by Harold (18 damage)
             ... with a harpoon shot
             ... on level 7 of the Dungeon.
             The game lasted 00:33:26 (7825 turns).

greenreed the Destroyer (Gnoll Conjurer)            Turns: 7825, Time: 00:33:27

Health: -14/65     AC: 10    Str:  7    XL:     9   Next: 37%
Magic:  18/18      EV: 17    Int: 20    God:    Vehumet [*.....]
Gold:   292        SH:  0    Dex: 11    Spells: 10/21 levels left

rFire   + . .      SeeInvis .   H - +1 falchion (freeze)
rCold   . . .      Faith    .   (no shield)
rNeg    . . .      Spirit   .   l - +3 leather armour {Will+}
rPois   .          Reflect  .   D - +0 helmet
rElec   .          Harm     .   C - +0 cloak
rCorr   .          Rampage  .   E - +0 pair of gloves
Will    +....                   (no boots)
Stlth   +++.......              (no amulet)
HPRegen 0.20/turn               f - ring of protection from fire
MPRegen 0.16/turn               q - +4 ring of evasion

@: marked
A: fangs 1, strong nose, distributed training
a: Renounce Religion


You were on level 7 of the Dungeon.
You worshipped Vehumet.
Vehumet was aware of your devotion.
You visited 2 branches of the dungeon, and saw 8 of its levels.

You collected 292 gold pieces.

Inventory:

Hand Weapons
 s - a +0 falchion
 H - a +1 falchion of freezing (weapon)
Missiles
 m - a throwing net
 A - 21 poisoned darts
 F - 5 atropa-tipped darts
Armour
 a - a +0 robe
 k - a +1 leather armour of positive energy
 l - a +3 leather armour of willpower (worn)
 C - a +0 cloak (worn)
 D - a +0 helmet (worn)
 E - a +0 pair of gloves (worn)
Jewellery
 f - a ring of protection from fire (left hand)
 q - a +4 ring of evasion (right hand)
Wands
 n - a wand of charming (19)
 w - a wand of iceblast (5)
 y - a wand of polymorph (15)
Scrolls
 b - 3 scrolls of identify
 c - 2 scrolls of fear {unknown}
 i - 2 scrolls of enchant armour {unknown}
 j - a scroll of acquirement {unknown}
 o - a scroll of amnesia {unknown}
 p - a scroll of teleportation {unknown}
 t - a scroll of vulnerability {unknown}
 z - a scroll of enchant weapon {unknown}
 B - a scroll of noise {unknown}
 G - a scroll of magic mapping {unknown}
Potions
 d - a potion of magic
 e - 2 potions of curing {unknown}
 g - a potion of flight {unknown}
 h - 2 potions of degeneration {unknown}
 r - a potion of attraction {unknown}
 u - a potion of invisibility
 v - 2 potions of haste {unknown}
 x - a potion of lignification {unknown}
 I - a potion of mutation {unknown}


   Skills:
 + Level 4.1 Fighting
 + Level 4.1 Short Blades
 + Level 4.1 Long Blades
 + Level 4.1 Axes
 + Level 4.1 Maces & Flails
 + Level 4.1 Polearms
 + Level 4.1 Staves
 + Level 4.1 Slings
 + Level 4.1 Bows
 + Level 4.1 Crossbows
 + Level 4.1 Throwing
 + Level 4.1 Armour
 + Level 6.2 Dodging
 + Level 6.0 Stealth
 + Level 4.1 Shields
 + Level 4.1 Unarmed Combat
 + Level 6.6 Spellcasting
 + Level 8.0 Conjurations
 + Level 3.4 Hexes
 + Level 3.4 Summonings
 + Level 3.4 Necromancy
 + Level 3.4 Translocations
 + Level 3.4 Transmutations
 + Level 3.4 Fire Magic
 + Level 3.4 Ice Magic
 + Level 3.4 Air Magic
 + Level 3.4 Earth Magic
 + Level 3.4 Poison Magic
 + Level 4.6 Invocations
 + Level 4.1 Evocations


You had 10 spell levels left.
You knew the following spells:

 Your Spells              Type           Power      Damage    Failure   Level
a - Magic Dart            Conj           100%       1d8       1%          1
b - Searing Ray           Conj           76%        2d7       1%          2
c - Tukima's Dance        Hex            20%        N/A       11%         3
d - Foxfire               Conj/Fire      100%       2x1d9     1%          1
e - Iskenderun's Mystic   Conj/Tloc      29%        2d7       14%         4

Your spell library contained the following spells:

 Spells                   Type           Power      Damage    Failure   Level
 Dazzling Flash           Conj/Hex       58%        N/A       4%          3
 Call Imp                 Summ           20%        N/A       5%          2
 Mephitic Cloud           Conj/Pois/Air  26%        N/A       5%          3
 Fulminant Prism          Conj/Hex       14%        3d9       14%         4
 Olgreb's Toxic Radiance  Pois           20%        N/A       34%         4
 Passage of Golubria      Tloc           20%        N/A       34%         4
 Yara's Violent Unravell  Hex/Tmut       10%        3d6       67%         5
 Starburst                Conj/Fire      14%        6d6       91%         6
 Ozocubu's Refrigeration  Ice            10%        4d7       100%        7
 Ignition                 Fire           10%        3d5       100%        8


Dungeon Overview and Level Annotations

Branches:
Dungeon (7/15)             Temple (1/1) D:5

Altars:
Ashenzari
Cheibriados
Dithmenos
Elyvilon
Fedhas
Hepliaklqana
Kikubaaqudgha
Makhleb
Nemelex Xobeh
Okawaru
Qazlal
Ru
Sif Muna
Trog
Uskayaw
Vehumet
Wu Jian
Xom
Yredelemnul
Zin
The Shining One

Annotations:
D:7 2 runed translucent doors, Harold


Innate Abilities, Weirdness & Mutations

You have very sharp teeth.
Your uncanny sense of smell can sniff out nearby items.
Your experience applies equally to all skills.


Message History

Harold is moderately wounded.
The foxfire hits Harold.
Harold is moderately wounded.
Harold fires a harpoon shot at you. The harpoon shot hits you.
* * * LOW HITPOINT WARNING * * *
You are yanked forward by the harpoon shot.
Casting: Foxfire (safe; 1% risk of failure)
Confirm with . or Enter, or press ? or * to list all spells.
You miscast Iskenderun's Mystic Blast.
You are very lightly contaminated with residual magic.
Nothing appears to happen.
Harold misses you.
Casting: Iskenderun's Mystic Blast (dangerous; 14% risk of failure)
Confirm with . or Enter, or press ? or * to list all spells.
You erupt in a blast of force!
The mystic blast hits Harold!
Harold is heavily wounded.
Harold is knocked back by the mystic blast.
Your magical contamination has completely faded away.
Harold fires a harpoon shot at you. The harpoon shot hits you!
* * * LOW HITPOINT WARNING * * *
You are yanked forward by the harpoon shot.
Casting: Iskenderun's Mystic Blast (dangerous; 14% risk of failure)
Confirm with . or Enter, or press ? or * to list all spells.
You erupt in a blast of force!
The mystic blast hits Harold.
Harold is heavily wounded.
Harold is knocked back by the mystic blast.
Harold slams into the rock wall!
A howler monkey comes into view.
Harold gestures at you while chanting. The mark upon you grows brighter.
The howler monkey hoots and howls with incredible vigour!
You hear a shout!
You hear a loud, deep croak!
It was a potion of magic.
Magic courses through your body. Harold casts a spell at you.
The mark upon you grows brighter.
Okay, then.
Harold fires a harpoon shot at you. The harpoon shot hits you!!
You die...

#.........# #......<..#
#......>[.## ###....[<..#
#....)[..# #........#
#.....(..# #######
#....)...# #.....#
###@.......# #.....#
##......###.##
#.....#####............# ∆
#..........@#..........#
#.........###.....^....#
#......##...#..........#
#......................#∆
###...>.#######h...#...###
<.......# #....#.###


You could see Harold and a howler monkey.

Vanquished Creatures
  A water moccasin (D:6)
  2 black bears
  2 sky beasts (D:6)
  4 ice beasts
  An ogre (D:6)
  A necrophage (D:5)
  A centaur (D:7)
  2 bullfrogs
  6 killer bees (D:7)
  A centaur zombie (D:6)
  2 hounds
  A gnoll shaman (D:3)
  A centaur skeleton (D:7)
  A bullfrog skeleton (D:5)
  3 iguanas
  6 orc wizards
  2 scorpion zombies
  A hound zombie (D:5)
  12 gnolls
  7 adders
  A shadow imp (D:5)
  2 worms (D:2)
  22 orcs
  6 ball pythons
  9 endoplasms
  3 giant cockroaches (D:1)
  6 goblins
  5 hobgoblins
  2 jackals (D:3)
  5 kobolds
  6 bats
  3 frilled lizards
  2 rats
129 creatures vanquished.

Vanquished Creatures (others)
  123 foxfires
123 creatures vanquished.

Grand Total: 252 creatures vanquished

Notes
Turn   | Place    | Note
-------+----------+-------------------------------------------
     0 | D:1      | greenreed the Gnoll Conjurer began the quest for the Orb.
     0 | D:1      | Reached XP level 1. HP: 13/13 MP: 6/6
   137 | D:1      | Reached XP level 2. HP: 19/19 MP: 2/7
   414 | D:1      | Learned a level 2 spell: Searing Ray
   645 | D:1      | Reached XP level 3. HP: 25/25 MP: 6/9
   754 | D:1      | Reached skill level 5 in Spellcasting
  1245 | D:2      | Reached skill level 1 in Invocations
  1467 | D:2      | Reached skill level 1 in Fighting
  1467 | D:2      | Reached skill level 1 in Short Blades
  1467 | D:2      | Reached skill level 1 in Long Blades
  1467 | D:2      | Reached skill level 1 in Axes
  1467 | D:2      | Reached skill level 1 in Maces & Flails
  1467 | D:2      | Reached skill level 1 in Polearms
  1467 | D:2      | Reached skill level 1 in Staves
  1467 | D:2      | Reached skill level 1 in Slings
  1467 | D:2      | Reached skill level 1 in Bows
  1467 | D:2      | Reached skill level 1 in Crossbows
  1467 | D:2      | Reached skill level 1 in Throwing
  1467 | D:2      | Reached skill level 1 in Armour
  1467 | D:2      | Reached skill level 1 in Shields
  1467 | D:2      | Reached skill level 1 in Unarmed Combat
  1467 | D:2      | Reached skill level 1 in Evocations
  1536 | D:2      | Noticed a black bear
  1542 | D:2      | Killed a black bear
  1543 | D:2      | Reached skill level 1 in Hexes
  1543 | D:2      | Reached skill level 1 in Summonings
  1543 | D:2      | Reached skill level 1 in Necromancy
  1543 | D:2      | Reached skill level 1 in Translocations
  1543 | D:2      | Reached skill level 1 in Transmutations
  1543 | D:2      | Reached skill level 1 in Fire Magic
  1543 | D:2      | Reached skill level 1 in Ice Magic
  1543 | D:2      | Reached skill level 1 in Air Magic
  1543 | D:2      | Reached skill level 1 in Earth Magic
  1543 | D:2      | Reached skill level 1 in Poison Magic
  1543 | D:2      | Reached XP level 4. HP: 32/32 MP: 1/11
  1543 | D:2      | Reached XP level 5. HP: 37/37 MP: 1/12
  2030 | D:3      | Reached XP level 6. HP: 44/44 MP: 2/13
  2357 | D:3      | Reached skill level 5 in Dodging
  2799 | D:4      | Noticed a black bear
  2803 | D:4      | Killed a black bear
  3068 | D:4      | Reached XP level 7. HP: 50/50 MP: 10/15
  3277 | D:4      | Found a hide-covered altar of Uskayaw.
  3588 | D:5      | Entered Level 5 of the Dungeon
  3591 | D:5      | Found a staircase to the Ecumenical Temple.
  3598 | Temple   | Entered the Ecumenical Temple
  4073 | Temple   | Became a worshipper of Vehumet
  4535 | D:5      | Reached skill level 5 in Stealth
  5174 | D:5      | Reached XP level 8. HP: 57/57 MP: 7/16
  5932 | D:6      | Learned a level 3 spell: Tukima's Dance
  6202 | D:6      | Reached * piety under Vehumet
  6202 | D:6      | Offered knowledge of Foxfire by Vehumet.
  6206 | D:6      | Learned a level 1 spell: Foxfire
  6693 | D:6      | Reached XP level 9. HP: 65/65 MP: 11/18
  7442 | D:7      | Learned a level 4 spell: Iskenderun's Mystic Blast
  7572 | D:7      | Found a large runed translucent door.
  7572 | D:7      | Found a large runed translucent door.
  7599 | D:7      | Reached skill level 8 in Conjurations
  7600 | D:7      | Noticed Harold
  7821 | D:7      | HP: 3/65 [Harold/harpoon shot (10)]
  7825 | D:7      | Killed from afar by Harold

Illustrated notes

Levels and vault maps discovered:
D:1:      dpeg_arrival_pits, layout_loops_ring, chequers_serial_rivers_small_b
D:2:      layout_basic
D:3:      layout_rooms
D:4:      layout_cave_pods, mainiacjoe_overflow_tiny_flanked
D:5:      layout_gridville, minmay_temple_entry_statues_pillars
D:6:      layout_layer_cave, minmay_misc_feat_five
D:7:      layout_rooms, nicolae_gozag_cash_rules_everything_around_me,
          ebering_ghost_disaster_area, uniq_harold
Temple:   mainiacjoe_temple_big_plus

Skill      XL: |  1  2  3  4  5  6  7  8  9 |
---------------+----------------------------+-----
Spellcasting   | 5 6 |  6.6
Invocations    | 1 2 3 4 |  4.6
Fighting       | 1 2 3 4 |  4.1
Short Blades   | 1 2 3 4 |  4.1
Long Blades    | 1 2 3 4 |  4.1
Axes           | 1 2 3 4 |  4.1
Maces & Flails | 1 2 3 4 |  4.1
Polearms       | 1 2 3 4 |  4.1
Staves         | 1 2 3 4 |  4.1
Slings         | 1 2 3 4 |  4.1
Bows           | 1 2 3 4 |  4.1
Crossbows      | 1 2 3 4 |  4.1
Throwing       | 1 2 3 4 |  4.1
Armour         | 1 2 3 4 |  4.1
Shields        | 1 2 3 4 |  4.1
Unarmed Combat | 1 2 3 4 |  4.1
Evocations     | 1 2 3 4 |  4.1
Hexes          | 1 2 3 |  3.4
Summonings     | 1 2 3 |  3.4
Necromancy     | 1 2 3 |  3.4
Translocations | 1 2 3 |  3.4
Transmutations | 1 2 3 |  3.4
Fire Magic     | 1 2 3 |  3.4
Ice Magic      | 1 2 3 |  3.4
Air Magic      | 1 2 3 |  3.4
Earth Magic    | 1 2 3 |  3.4
Poison Magic   | 1 2 3 |  3.4
Dodging        | 5 6 |  6.2
Stealth        | 5 6 |  6.0
Conjurations   | 8 |  8.0

Action                   |  1- 3 |  4- 6 |  7- 9 || total
-------------------------+-------+-------+-------++-------
Melee: Unarmed           |       |     1 |       ||     1
       Falchion          |       |       |     8 ||     8
 Cast: Magic Dart        |    69 |    67 |   128 ||   264
       Searing Ray       |     1 |     6 |    18 ||    25
       Foxfire           |       |       |    80 ||    80
       Iskenderun's Myst |       |       |     4 ||     4
       Tukima's Dance    |       |       |     3 ||     3
  Use: Scroll            |       |       |     1 ||     1
       Potion            |       |       |     3 ||     3
Armor: Robe              |     1 |       |       ||     1
       Leather armour    |       |     1 |    23 ||    24
Dodge: Dodged            |     2 |    13 |   136 ||   151

Table legend: (Time is in decaauts)
 A = Elapsed time spent in this place.
 B = Non-inter-level travel time spent in this place.
 C = Inter-level travel time spent in this place.
 D = Time resting spent in this place.
 E = Time spent auto-exploring this place.
 F = Levels seen in this place.
 G = Mean time per level.
                   A        B        C        D        E       F      G
               +--------+--------+--------+--------+--------+-----+--------+
         Total |   7831 |   7568 |    263 |    401 |   5948 |   8 |  978.9 |
       Dungeon |   7242 |   7098 |    144 |    401 |   5573 |   7 | 1034.6 |
        Temple |    589 |    470 |    119 |      0 |    375 |   1 |  589.0 |
               +--------+--------+--------+--------+--------+-----+--------+

Top non-repeatable levels by time:
     D:6: 1813 daAuts
     D:5: 1376 daAuts
     D:1: 974 daAuts
     D:4: 969 daAuts
     D:2: 878 daAuts
     D:3: 766 daAuts
  Temple: 589 daAuts
     D:7: 462 daAuts
